 Dungeon Crawl Stone Soup version 0.29.0-13-gc9e81de378 (webtiles) character file.

Game seed: 8828485449504419212

60 Ofeo the Digger (level 4, -4/33 HPs)
             Began as a Meteoran Earth Elementalist on Sept 8, 2022.
             Was an Initiate of Vehumet.
             Slain by a gnoll
             ... wielding a +0 spear
              (6 damage)
             ... on level 3 of the Dungeon.
             The game lasted 00:03:21 (490 turns).

Ofeo the Digger (Meteoran Earth Elementalist)        Turns: 490, Time: 00:03:22

Health: -4/33      AC:  2    Str: 10    XL:     4   Next: 50%
Magic:  3/9        EV: 13    Int: 18    God:    Vehumet [......]
Gold:   87         SH:  0    Dex: 14    Spells: 6/9 levels left

rFire   . . .      SeeInvis .   (no weapon)
rCold   . . .      Faith    .   (no shield)
rNeg    . . .      Spirit   .   a - +0 robe
rPois   .          Reflect  .   (no helmet)
rElec   .          Harm     .   (no cloak)
rCorr   .          Rampage  .   (no gloves)
Will    .....                   (no boots)
Stlth   +.........              (no amulet)
HPRegen 0.11/turn               (no ring)
MPRegen 0.11/turn               (no ring)

@: glowing
A: sense surroundings 1, otherworldly, glowing, explore regen
a: Renounce Religion


You were on level 3 of the Dungeon.
You worshipped Vehumet.
Vehumet was noncommittal.
You visited 1 branch of the dungeon, and saw 3 of its levels.

You collected 87 gold pieces.

Inventory:

Armour
 a - a +0 robe (worn)
Wands
 f - a wand of charming (9)
Scrolls
 c - 2 scrolls of identify {unknown}
 e - a scroll of vulnerability {unknown}
 g - a scroll of poison {unknown}
 i - a scroll of magic mapping {unknown}
Potions
 b - a potion of magic
 d - 2 potions of lignification {unknown}
 h - a potion of curing {unknown}


   Skills:
 + Level 3.1 Dodging
 + Level 2.0 Stealth
 + Level 3.3 Spellcasting
 + Level 2.3 Transmutations
 + Level 4.1 Earth Magic


You had 6 spell levels left.
You knew the following spells:

 Your Spells              Type           Power      Damage    Failure   Level
a - Sandblast             Erth           34%        2d9       3%          1
b - Passwall              Tmut/Erth      11%        N/A       6%          2

Your spell library contained the following spells:

 Spells                   Type           Power      Damage    Failure   Level
 Stone Arrow              Conj/Erth      20%        3d8       21%         3
 Petrify                  Tmut/Erth      14%        N/A       38%         4


Dungeon Overview and Level Annotations

Branches:
Dungeon (3/15) Zot: 1284

Altars:
Elyvilon
Okawaru
Vehumet

Shops:
D:2 [


Innate Abilities, Weirdness & Mutations

You passively map a small area around you.
You are easily found by Zot.
You glow in the dark.
You regain HP and MP as you explore.


Message History

Vehumet accepts your kill. The ball python closely misses you.
The ball python grabs you. The ball python constricts you.
You now have 2/9 mp.
Casting: Sandblast (safe; 3% risk of failure)
Confirm with . or Enter, or press ? or * to list all spells.
Aiming: Sandblast (safe; 3% risk of failure)
Press: ? - help, Shift-Dir - straight line, f - ball python
Aim: a ball python (constricting you, 80% to hit)
The blast of sand hits the ball python!
You kill the ball python!
Vehumet accepts your kill. The gnoll barely misses you.
The gnoll hits you with a +0 whip.
The gnoll hits you from afar with a +0 spear.
* * * LOW HITPOINT WARNING * * *
Your Stealth skill increases to level 2!
You take 7 damage, and have 8/33 hp.
MASSIVE DAMAGE!!
You now have 1/9 mp.
The gnoll attacks as you move away! The gnoll hits you with a +0 whip.
* * * LOW HITPOINT WARNING * * *
The gnoll barely misses your orc.
You take 5 damage, and have 3/33 hp.
The gnoll hits your orc with a +0 whip.
Found an escape hatch in the ceiling.
You see here a +0 club.
A ball python comes into view.
The ball python hisses angrily.
You hear a shout!
An orc comes into view. It is wielding a +0 falchion.
An orc comes into view. It is wielding a +0 flail.
The orc shouts!
You regained 2 mp, and now have 3/9 mp.
As you read the scroll labelled BER VIYJOPS, it crumbles to dust.
It is a scroll of enchant weapon.
You aren't carrying any weapons that can be enchanted.
An orc comes into view. It is wielding a +0 short sword.
The goblin hits you with a +0 club.
* * * LOW HITPOINT WARNING * * *
The gnoll hits you from afar with a +0 spear.
You die...

*#.# ##......###### *
,... #............# , .#
, #..#####.####.# , #.##
#.# * * ,* ## #†# , , ,
#### #.## * . *##..*
#..## *# ..oo##..##
##..## .# ,
...o.S.@.###....####.###
+.#....#gog#...#.#.......
#.## ##.g...###...#.### *
* ##._.## ##......# *
*#.....####......# * ,
.#...#...#......... ,
.....###....#......#
##..# ##).##......# ,
##..*##))###$.#.###


You could see 2 gnolls, 3 orcs, a goblin, a ball python and a friendly orc
(charmed).

Vanquished Creatures
  An adder (D:2)
  2 worms (D:2)
  An orc (D:3)
  5 bats
  3 endoplasms
  2 goblins
  4 hobgoblins
  A quokka (D:2)
  5 ball pythons (D:3)
  5 frilled lizards
  2 rats (D:2)
31 creatures vanquished.

Vanquished Creatures (collateral kills)
  A gnoll (D:3)
  2 hobgoblins (D:3)
3 creatures vanquished.

Vanquished Creatures (others)
  A gnoll (D:3)
  An orc (D:3)
2 creatures vanquished.

Grand Total: 36 creatures vanquished

Notes
Turn   | Place    | Note
-------+----------+-------------------------------------------
     0 | D:1      | Ofeo the Meteoran Earth Elementalist began the quest for
                  | the Orb.
     0 | D:1      | Reached XP level 1. HP: 14/14 MP: 5/5
   128 | D:2      | Reached XP level 2. HP: 13/20 MP: 1/6
   131 | D:2      | Learned a level 2 spell: Passwall
   167 | D:2      | Reached XP level 3. HP: 19/26 MP: 3/8
   288 | D:2      | Found Duom's Armour Shop.
   398 | D:2      | Reached skill level 4 in Earth Magic
   413 | D:3      | Found an iron altar of Okawaru.
   413 | D:3      | Found a white marble altar of Elyvilon.
   415 | D:3      | Found a radiant altar of Vehumet.
   422 | D:3      | Became a worshipper of Vehumet
   437 | D:3      | Found a faded altar of an unknown god.
   465 | D:3      | Reached XP level 4. HP: 33/33 MP: 9/9
   490 | D:3      | Slain by a gnoll

Illustrated notes

Levels and vault maps discovered:
D:1:      lightli_arrival_lavapool, layout_loops_corners, serial_shops,
          nicolae_shop_trees
D:2:      minmay_chambers_of_twos, layout_basic, serial_shops,
          nicolae_square_shop, grunt_decor_arrowhead, chequers_decorated_corner,
          minmay_tetromino_t4
D:3:      layout_loops_ring, chequers_temple_overflow_statue_of_worship,
          gammafunk_ghost_icy, lightli_sewer_entry_pipes,
          nicolae_ecumenical_snake_handling, uniq_natasha, uniq_robin,
          uniq_terence

Skill      XL: |  1  2  3  4 |
---------------+-------------+-----
Spellcasting   | 3 |  3.3
Transmutations | 2 |  2.3
Earth Magic    | 4 |  4.1
Dodging        | 3 |  3.1
Stealth        | 2 |  2.0

Action                   |  1- 3 |  4- 6 || total
-------------------------+-------+-------++-------
 Cast: Sandblast         |    40 |    10 ||    50
Evoke: Wand              |       |     4 ||     4
  Use: Scroll            |       |     1 ||     1
Armor: Robe              |     5 |     2 ||     7
Dodge: Dodged            |     9 |     5 ||    14
